Map: Acid Plant LE

Players

AlexUA - Winner!

  • Race: Protoss Protoss
  • League: Master
  • Spawn Location: 11:00

Vanya

  • Race: Zerg Zerg
  • League: Master
  • Spawn Location: 5:00

VOD

Have the link to the VOD?

Description

Time

  • Played on: Aug. 2, 2018, 9:15 a.m.
  • Length: 10:24
Show
View Real Time Build Order
Export as new Build Order

AlexUA Protoss - Winner!

Build Orders: Nexus First, Carrier Rush 

Get SALT Encoding   

  12  0:01  Probe  
  13  0:13  Probe  
  14  0:20  Pylon  
  14  0:25  Probe  
  15  0:34  Probe  
  15  0:42  Probe  
  17  0:52  Probe  
  18  1:04  Nexus  
  18  1:13  Gateway  
  18  1:16  Probe  
  19  1:20  Assimilator  
  19  1:25  Assimilator  
  19  1:27  Probe  
  20  1:35  Probe  
  21  1:44  Probe  
  21  1:46  Pylon  
  22  1:54  Probe  
  23  2:01  Cybernetics Core  
  23  2:07  Probe  
  24  2:11  Forge  
  24  2:13  Probe, Zealot  
  26  2:17  Probe  
  26  2:21  Probe  
  28  2:25  Probe  
  30  2:31  Probe  
  30  2:35  Probe  
  31  2:43  Probe  
  33  2:44  Stargate  
  33  2:47  Sentry, Probe  
  36  2:52  Warp Gate  
  36  2:56  Probe  
  37  2:59  Probe, Shield Battery  
  38  3:05  Pylon  
  38  3:08  Probe  
  38  3:12  Probe  
  40  3:14  Protoss Ground Weapons Level 1  
  40  3:18  Void Ray  
  40  3:20  Probe  
  40  3:24  Probe  
  42  3:32  Probe  
  47  3:35  Pylon  
  47  3:36  Probe  
  47  3:41  Assimilator  
  48  3:44  Probe  
  48  3:45  Assimilator  
  48  3:48  Probe  
  50  3:55  Gateway  
  50  3:56  Probe, Gateway  
  50  3:59  Gateway  
  51  4:03  Pylon  
  51  4:05  Probe  
  51  4:09  Probe  
  53  4:17  Probe  
  53  4:19  Fleet Beacon  
  55  4:28  Pylon  
  55  4:37  Stargate, Twilight Council  
  54  4:42  Pylon  
  54  4:44  Carrier  
  54  4:47  Gateway  
  54  4:58  Zealot x4  
  68  5:08  Protoss Air Weapons Level 1  
  68  5:19  Carrier  
  66  5:44  Nexus  
  66  5:45  Charge  
  66  5:46  Shield Battery  
  66  5:48  Photon Cannon  
  66  5:49  Pylon  
  66  5:52  Photon Cannon  
  66  5:56  Graviton Catapult  
  66  6:06  Carrier  
  66  6:11  Assimilator  
  66  6:15  Assimilator, Probe x2  
  74  6:27  Probe  
  74  6:28  Probe  
  76  6:35  Carrier  
  76  6:40  Probe  
  83  6:49  Zealot x4  
  83  6:51  Zealot  
  91  7:13  Zealot x3  
  97  7:21  Carrier  
  89  7:32  Nexus  
  87  7:52  Photon Cannon  
  87  7:53  Probe  
  87  7:54  Probe  
  87  7:55  Shield Battery  
  87  7:57  Stalker  
  91  7:59  Sentry  
  91  8:03  Pylon  
  93  8:12  Zealot  
  94  8:14  Carrier  
  92  8:25  Zealot  
  94  8:42  Zealot x3, Sentry  
  94  8:46  Probe x2  
  104  8:49  Zealot  
  106  9:04  Sentry x3  
  106  9:05  Zealot  
  114  9:18  Sentry  
  116  9:34  Pylon  
  116  9:36  Pylon  
  114  9:56  Zealot x4  
Show
View Real Time Build Order
Export as new Build Order

Vanya Zerg 

Build Orders: Hatch First 

Get SALT Encoding   

  12  0:00  Drone  
  13  0:15  Overlord  
  13  0:18  Drone  
  14  0:34  Drone x2  
  16  0:38  Drone  
  17  0:53  Hatchery  
  17  0:55  Drone  
  17  0:58  Drone  
  18  1:09  Extractor  
  17  1:13  Spawning Pool  
  17  1:16  Drone  
  17  1:20  Drone  
  18  1:30  Drone  
  19  1:41  Overlord  
  19  1:53  Drone  
  20  2:00  Queen  
  22  2:04  Zergling x2  
  22  2:05  Drone, Queen  
  26  2:09  Metabolic Boost  
  26  2:14  Drone  
  28  2:15  Drone  
  28  2:29  Hatchery  
  27  2:37  Queen  
  27  2:39  Drone  
  27  2:42  Drone  
  31  2:47  Overlord  
  31  2:50  Drone  
  32  2:54  Drone  
  32  2:55  Drone  
  34  2:58  Drone  
  34  3:00  Drone  
  36  3:09  Drone x2  
  38  3:13  Drone x2  
  38  3:15  Overlord  
  38  3:16  Drone  
  38  3:17  Drone  
  42  3:20  Drone  
  42  3:23  Drone  
  42  3:26  Overlord  
  44  3:34  Drone x2  
  44  3:39  Lair  
  46  3:41  Drone  
  46  3:42  Roach Warren  
  46  3:44  Drone x2  
  46  3:47  Drone  
  46  3:48  Extractor x2  
  48  3:53  Drone  
  48  3:54  Drone x3  
  51  3:58  Drone  
  51  4:00  Overlord  
  51  4:01  Drone  
  53  4:07  Drone x2, Extractor  
  54  4:15  Overlord x2  
  54  4:18  Drone  
  54  4:21  Drone  
  54  4:23  Drone  
  57  4:24  Drone x5  
  57  4:28  Drone x2  
  64  4:38  Drone  
  64  4:41  Glial Reconstitution  
  64  4:43  Hatchery  
  63  4:46  Drone x4  
  63  4:48  Drone  
  63  4:49  Overseer  
  68  4:53  Drone  
  68  4:56  Drone, Extractor  
  68  4:57  Drone, Evolution Chamber  
  68  4:59  Roach  
  71  5:00  Roach  
  71  5:03  Overlord  
  71  5:04  Roach  
  71  5:06  Roach  
  77  5:08  Roach  
  77  5:10  Roach  
  77  5:13  Overlord  
  81  5:15  Overlord  
  80  5:22  Roach  
  80  5:23  Zerg Missile Weapons Level 1, Roach  
  83  5:28  Roach  
  83  5:35  Roach x2  
  83  5:38  Roach x2  
  83  5:39  Roach  
  88  5:46  Drone x3  
  88  5:47  Drone  
  88  5:49  Roach x3  
  98  5:51  Roach x2  
  98  5:52  Roach  
  98  5:56  Ravager x2  
  106  5:57  Ravager  
  106  5:58  Ravager  
  106  5:59  Overlord x2  
  108  6:07  Drone  
  108  6:08  Drone, Overlord  
  108  6:09  Roach  
  112  6:14  Overlord  
  112  6:20  Drone x4  
  112  6:21  Drone x4  
  120  6:27  Drone x4, Hydralisk Den  
  120  6:28  Extractor  
  122  6:37  Drone x2, Queen  
  122  6:38  Overlord  
  122  6:39  Roach  
  128  6:41  Roach  
  128  6:45  Roach x2  
  128  6:46  Overlord  
  134  6:48  Roach  
  134  6:51  Overlord  
  134  6:54  Overlord  
  136  7:03  Overlord  
  136  7:04  Roach  
  136  7:07  Roach x2  
  134  7:11  Hydralisk x4  
  134  7:12  Hydralisk x2  
  129  7:16  Hydralisk x2  
  129  7:20  Drone x4  
  129  7:22  Drone  
  126  7:23  Drone  
  126  7:24  Drone  
  126  7:29  Drone x2  
  125  7:33  Muscular Augments  
  123  7:37  Drone x4  
  123  7:38  Drone x2  
  123  7:40  Drone  
  129  7:47  Drone x4  
  129  7:49  Zerg Missile Weapons Level 2  
  133  7:53  Drone x2  
  133  7:55  Drone x2  
  137  8:03  Spire  
  137  8:05  Hydralisk x2  
  136  8:08  Hydralisk x2  
  136  8:11  Hydralisk  
  129  8:20  Drone x8  
  129  8:21  Drone  
  129  8:23  Extractor  
  129  8:24  Extractor  
  124  8:32  Drone  
  117  8:43  Drone x2  
  117  8:44  Spire  
  117  8:46  Infestation Pit  
  117  8:58  Queen  
  117  9:00  Overlord  
  117  9:01  Hatchery  
  118  9:07  Hydralisk x5  
  118  9:08  Hydralisk  
  130  9:10  Hydralisk x3  
  130  9:13  Hydralisk x3  
  130  9:14  Hydralisk x2  
  144  9:18  Hydralisk  
  144  9:20  Hydralisk  
  144  9:24  Hydralisk  
  148  9:27  Hydralisk x2  
  148  9:31  Hydralisk x2  
  148  9:37  Hydralisk x3  
  148  9:38  Hydralisk x3  
  146  9:44  Overlord  
  140  9:58  Hydralisk x2  
Tags
 
Add a new tag
Caveats
  • Supply blocks, unpowered buildings, or Contaminate may cause inaccurate times.
  • Supply counts are checked every 10 seconds.